 Dungeon Crawl Stone Soup version 0.21.1-1-g345015f (webtiles) character file.

39 Flooderbenga the Grave Robber (level 3, -4/25 HPs)
             Began as a Gnoll Necromancer on Apr 6, 2018.
             Slain by a gnoll
             ... wielding a +0 club
              (5 damage)
             ... on level 2 of the Dungeon.
             The game lasted 00:12:29 (269 turns).

Flooderbenga the Grave Robber (Gnoll Necromancer)    Turns: 269, Time: 00:12:30

Health: -4/25      AC:  2    Str: 10    XL:     3   Next: 47%
Magic:  0/9        EV: 15    Int: 18    God:
Gold:   34         SH:  0    Dex: 21    Spells: 10/12 levels left

rFire    . . .     SeeInvis .   d - +1 dagger (venom)
rCold    . . .     Gourm    .   (no shield)
rNeg     . . .     Faith    .   a - +0 robe
rPois    .         Spirit   .   (no helmet)
rElec    .         Reflect  .   (no cloak)
rCorr    .         Harm     .   (no gloves)
MR       .....                  (no boots)
Stlth    +++.......             (no amulet)
HPRegen  0.08/turn              e - +6 ring of dexterity
MPRegen  0.11/turn              (no ring)

@: no status effects
A: distributed training, fangs 1, strong nose
a: no special abilities


You were on level 2 of the Dungeon.
You were not hungry.

You visited 1 branch of the dungeon, and saw 3 of its levels.

You collected 34 gold pieces.

Inventory:

Hand Weapons
 d - a +1 dagger of venom (weapon)
Missiles
 o - a throwing net (quivered) {!f}
Armour
 a - a +0 robe (worn)
Jewellery
 e - a +6 ring of dexterity (left hand)
Scrolls
 g - 2 scrolls of identify {unknown}
 h - a scroll of blinking {unknown}
 i - a scroll of enchant weapon {unknown}
 j - 3 scrolls of remove curse {unknown}
 k - a scroll of amnesia {unknown}
Potions
 f - a potion of degeneration {unknown}
 l - a potion of heal wounds {unknown}
 m - a potion of lignification {unknown}
 n - a potion of might {unknown}
Books
 b - a book of Necromancy

   Spells                             Type                      Level
   a - Pain                           Necromancy                   1
   b - Animate Skeleton               Necromancy                   1
   c - Vampiric Draining              Necromancy                   3
   d - Regeneration                   Charms/Necromancy            3
   e - Animate Dead                   Necromancy                   4
   f - Borgnjor's Vile Clutch         Necromancy/Earth             5
Comestibles
 c - 3 rations


   Skills:
 + Level 0.8 Fighting
 + Level 0.8 Short Blades
 + Level 0.8 Long Blades
 + Level 0.8 Axes
 + Level 0.8 Maces & Flails
 + Level 0.8 Polearms
 + Level 0.8 Staves
 + Level 0.8 Slings
 + Level 0.8 Bows
 + Level 0.8 Crossbows
 + Level 0.8 Throwing
 + Level 0.8 Armour
 + Level 4.5 Dodging
 + Level 4.1 Stealth
 + Level 0.8 Shields
 + Level 0.8 Unarmed Combat
 + Level 5.0 Spellcasting
 + Level 0.5 Conjurations
 + Level 0.5 Hexes
 + Level 0.5 Charms
 + Level 0.5 Summonings
 + Level 7.1 Necromancy
 + Level 0.5 Translocations
 + Level 0.5 Transmutations
 + Level 0.5 Fire Magic
 + Level 0.5 Ice Magic
 + Level 0.5 Air Magic
 + Level 0.5 Earth Magic
 + Level 0.5 Poison Magic
 + Level 1.0 Invocations
 + Level 0.8 Evocations


You had 10 spell levels left.
You knew the following spells:

 Your Spells              Type           Power        Failure   Level  Hunger
a - Pain                  Necr           ####         1%          1    None
z - Animate Skeleton      Necr           N/A          1%          1    None


Dungeon Overview and Level Annotations

Branches:
Dungeon (3/15)

Altars:
Okawaru
Trog


Innate Abilities, Weirdness & Mutations

Your experience applies equally to all skills.
You have very sharp teeth.
Your uncanny sense of smell can sniff out nearby items.


Message History

The gnoll hits your rat skeleton with a club.
You take 1 damage, and have 1/25 hp.
You now have 3/9 mp.
Aim: a gnoll, wielding a whip (heavily wounded, chance to defeat MR: 89%)
The gnoll writhes in agony!
Your rat skeleton barely misses the gnoll.
You now have 2/9 mp.
Aim: a gnoll, wielding a whip (almost dead, chance to defeat MR: 89%)
The gnoll barely resists.
Your rat skeleton bites the gnoll.
You now have 1/9 mp.
Aim: a gnoll, wielding a whip (almost dead, chance to defeat MR: 89%)
The gnoll writhes in agony!
You kill the gnoll!
Your Invocations skill increases to level 1!
Your rat skeleton bites the gnoll.
Aim: a gnoll, wielding a club (severely wounded, chance to defeat MR: 89%)
The gnoll writhes in agony!
You now have 0/9 mp.
You hit the gnoll but do no damage.
The gnoll is poisoned.
The gnoll hits you with a club.
You die...

∆ ## .# ########'###...
#....@g.Z...# ###
#†..........# .. ....
#...........#.....
....########...........#......
............#########.##......
............+.................
............######...........
##.......(.................#
####+##...................#


You could see a gnoll and a friendly rat skeleton.

Vanquished Creatures
  2 gnolls (D:2)
  An ooze (D:1)
  A worm (D:2)
  A giant cockroach (D:2)
  A goblin (D:2)
  A hobgoblin (D:2)
  3 bats (D:1)
  A frilled lizard (D:2)
  2 kobolds (D:1)
  3 rats (D:2)
16 creatures vanquished.

Notes
Turn   | Place    | Note
-------+----------+-------------------------------------------
     0 | D:1      | Flooderbenga the Gnoll Necromancer began the quest for the Orb.
     0 | D:1      | Reached XP level 1. HP: 13/13 MP: 6/6
    89 | D:1      | Reached XP level 2. HP: 3/19 MP: 0/7
    93 | D:1      | Learned a level 1 spell: Animate Skeleton
   132 | D:2      | Found an iron altar of Okawaru.
   132 | D:2      | Found a bloodstained altar of Trog.
   259 | D:2      | Reached skill level 5 in Spellcasting
   259 | D:2      | Reached XP level 3. HP: 3/25 MP: 5/9
   267 | D:2      | Reached skill level 1 in Invocations
   269 | D:2      | Slain by a gnoll

Skill      XL: |  1  2  3 |
---------------+----------+-----
Spellcasting   | 5 |  5.0
Invocations    | 1 |  1.0
Fighting       | |  0.8
Short Blades   | |  0.8
Long Blades    | |  0.8
Axes           | |  0.8
Maces & Flails | |  0.8
Polearms       | |  0.8
Staves         | |  0.8
Slings         | |  0.8
Bows           | |  0.8
Crossbows      | |  0.8
Throwing       | |  0.8
Armour         | |  0.8
Dodging        | |  4.5
Stealth        | |  4.1
Shields        | |  0.8
Unarmed Combat | |  0.8
Conjurations   | |  0.5
Hexes          | |  0.5
Charms         | |  0.5
Summonings     | |  0.5
Necromancy     | |  7.1
Translocations | |  0.5
Transmutations | |  0.5
Fire Magic     | |  0.5
Ice Magic      | |  0.5
Air Magic      | |  0.5
Earth Magic    | |  0.5
Poison Magic   | |  0.5
Evocations     | |  0.8

Action                   || total
-------------------------++-------
Melee: Dagger            ||     5
       Bite              ||     2
 Cast: Pain              ||    26
       Animate Skeleton  ||     2
 Stab: Sleeping          ||     2
Armor: Robe              ||     1
Dodge: Dodged            ||     3
